Map: Rovine di Endion

Players

ELGAND - Winner!

  • Race: Protoss Protoss
  • League: Gold

Jhyrachy

  • Race: Zerg Zerg
  • League: Silver

VOD

Have the link to the VOD?

Description

Time

  • Played on: April 5, 2016, 10:29 a.m.
  • Length: 17:08
Show
View Real Time Build Order
Export as new Build Order

ELGAND Protoss - Winner!

Build Orders: 1 Gate Expand 

Get SALT Encoding   

  12  0:01  Probe (Chrono Boost)  
  13  0:11  Probe (Chrono Boost)  
  14  0:22  Pylon  
  14  0:25  Probe (Chrono Boost)  
  15  0:40  Probe (Chrono Boost)  
  16  0:48  Gateway  
  16  0:52  Probe (Chrono Boost)  
  16  0:55  Assimilator  
  17  1:05  Probe (Chrono Boost)  
  18  1:20  Probe (Chrono Boost)  
  19  1:31  Probe (Chrono Boost)  
  20  1:35  Zealot  
  20  1:37  Nexus  
  22  1:44  Pylon  
  22  1:59  Cybernetics Core  
  22  2:05  Forge  
  22  2:12  Probe (Chrono Boost)  
  23  2:20  Pylon  
  24  2:22  Probe (Chrono Boost)  
  24  2:26  Assimilator  
  24  2:46  Photon Cannon  
  24  2:49  Stalker  
  26  2:55  Probe x2 (Chrono Boost)  
  30  3:05  Probe x2 (Chrono Boost)  
  30  3:12  Robotics Facility  
  30  3:20  Pylon  
  30  3:22  Probe x2 (Chrono Boost)  
  32  3:29  Warp Gate (Chrono Boost)  
  32  3:32  Stalker  
  32  3:33  Probe  
  34  3:38  Probe  
  36  3:45  Probe  
  37  3:50  Probe  
  38  3:55  Probe  
  38  3:56  Gateway  
  40  4:03  Observer  
  40  4:05  Probe  
  40  4:06  Probe  
  42  4:17  Probe  
  42  4:18  Probe  
  44  4:48  Stalker  
  44  4:51  Stalker  
  48  5:04  Gateway  
  48  5:07  Gateway  
  48  5:08  Pylon  
  48  5:10  Gateway  
  48  5:13  Gateway  
  48  5:16  Gateway  
  48  5:18  Photon Cannon  
  48  5:19  Protoss Ground Weapons Level 1, Probe  
  50  5:21  Pylon  
  50  5:24  Mothership Core  
  51  5:29  Probe  
  51  5:34  Assimilator  
  52  5:38  Assimilator  
  52  5:45  Immortal (Chrono Boost)  
  52  5:49  Stalker  
  58  5:58  Probe x2, Twilight Council  
  59  6:33  Stalker  
  59  6:34  Stalker x2  
  59  6:35  Zealot x3  
  71  6:41  Immortal (Chrono Boost)  
  71  6:46  Blink (Chrono Boost)  
  75  7:24  Adept  
  75  7:27  Pylon  
  75  7:29  Pylon  
  77  7:34  Protoss Ground Weapons Level 2  
  77  7:38  Pylon  
  77  7:42  Pylon  
  77  7:46  Pylon  
  77  7:48  Nexus  
  77  7:49  Immortal  
  81  8:00  Forge  
  81  8:03  Pylon  
  81  8:05  Probe x2  
  83  8:10  Assimilator  
  83  8:12  Assimilator, Stalker  
  83  8:13  Stalker x5  
  83  8:16  Sentry  
  83  8:17  Probe x2  
  99  8:28  Observer  
  99  8:29  Probe x2  
  102  8:42  Adept x4  
  102  8:45  Probe  
  102  8:46  Probe  
  112  8:49  Warp Prism  
  114  8:57  Probe  
  112  9:34  Photon Cannon  
  112  9:35  Photon Cannon  
  112  9:37  Photon Cannon  
  112  9:41  Photon Cannon  
  112  9:44  Photon Cannon  
  112  9:47  Photon Cannon  
  112  9:56  Protoss Ground Armor Level 1 (Chrono Boost)  
  112  10:07  Protoss Ground Weapons Level 3 (Chrono Boost)  
  112  10:20  Stalker x2  
  112  10:21  Stalker x3  
  120  10:22  Zealot x2  
  120  10:25  Immortal  
  83  11:20  Stalker x4  
  83  11:21  Stalker x3  
  83  11:23  Resonating Glaives  
  97  11:37  Pylon  
  97  11:39  Pylon  
  97  11:52  Stalker x3  
  97  11:53  Stalker x4  
  111  11:57  Immortal  
  115  12:05  Probe  
  115  12:07  Probe x2  
  118  12:16  Probe  
  118  12:19  Probe x2  
  93  12:44  Adept x2  
  93  12:45  Adept x4  
  81  13:09  Stalker x4  
  81  13:10  Stalker x2  
  87  13:23  Immortal (Chrono Boost)  
  87  13:26  Mothership Core  
  93  13:35  Gateway  
  93  13:36  Gateway  
  93  13:39  Pylon  
  93  13:41  Protoss Ground Armor Level 2 (Chrono Boost), Pylon  
  93  13:42  Protoss Shields Level 1 (Chrono Boost)  
  93  13:46  Pylon  
  93  14:14  Probe  
  93  14:15  Probe x2  
  94  14:41  Dark Shrine  
  94  14:56  Gateway x2  
  94  14:57  Gateway  
  94  14:58  Gateway  
  94  14:59  Gateway  
  94  15:02  Pylon  
  94  15:11  Stalker x3  
  94  15:12  Stalker x5  
  110  15:16  Immortal  
  114  15:22  Nexus  
  114  15:25  Pylon  
  114  15:51  Pylon  
  90  16:20  Stalker x6  
  90  16:21  Stalker x3  
  90  16:22  Stalker x4  
  108  16:58  Adept x4  
  108  16:59  Adept x4  
Show
View Real Time Build Order
Export as new Build Order

Jhyrachy Zerg 

Build Orders: Hatch First 

Get SALT Encoding   

  12  0:01  Drone  
  13  0:08  Drone  
  14  0:17  Overlord  
  14  0:36  Drone x3  
  17  0:57  Hatchery  
  17  0:59  Drone  
  17  1:01  Extractor  
  17  1:02  Drone  
  17  1:17  Spawning Pool  
  16  1:20  Drone  
  17  1:28  Drone  
  18  1:35  Drone  
  19  1:53  Overlord  
  19  2:13  Queen  
  19  2:14  Queen  
  23  2:18  Drone x3  
  23  2:19  Drone  
  27  2:39  Drone  
  27  2:40  Drone x2  
  30  2:48  Drone x2  
  32  3:00  Drone  
  32  3:01  Drone  
  34  3:08  Hatchery, Queen  
  35  3:19  Zergling x2  
  36  3:30  Overlord x3  
  36  3:37  Evolution Chamber  
  34  4:19  Lair  
  34  4:23  Roach Warren  
  33  4:47  Zerg Ground Armor Level 1  
  33  4:54  Zergling x2  
  33  4:55  Zergling x20  
  33  4:58  Metabolic Boost  
  44  5:04  Extractor, Zergling x2  
  44  5:05  Roach x3  
  50  5:08  Zergling x6  
  50  5:09  Zergling x2  
  54  5:42  Extractor  
  53  5:43  Extractor  
  53  5:45  Drone x4  
  53  5:46  Drone x2  
  53  5:48  Overlord  
  53  5:49  Overlord  
  58  6:21  Spire  
  57  6:57  Drone  
  57  6:58  Drone x2  
  57  6:59  Drone  
  57  7:00  Drone x9  
  70  7:06  Extractor  
  69  7:22  Overlord x4  
  69  7:32  Overlord x2  
  69  7:48  Mutalisk  
  69  7:49  Mutalisk x10  
  91  7:57  Extractor  
  90  8:01  Zerg Missile Weapons Level 1  
  90  8:03  Drone x9  
  99  8:15  Nydus Network, Queen x3  
  104  8:32  Roach x5  
  104  8:33  Roach  
  116  8:41  Drone  
  116  8:42  Drone x4  
  121  9:30  Overlord x2  
  121  9:31  Overlord x2  
  121  9:48  Queen x3  
  127  10:02  Roach x8  
  127  10:03  Roach x5  
  127  10:05  Overlord x3  
  138  10:45  Ravager x14  
  138  10:46  Ravager x6  
  138  10:47  Roach  
  138  10:48  Roach x3  
  118  11:23  Roach x4  
  118  11:24  Roach x10  
  146  12:01  Nydus Canal  
  67  13:31  Roach x6  
  67  13:32  Roach x11  
  101  13:35  Ravager x3  
  101  13:41  Zerg Missile Weapons Level 2  
  104  13:57  Ravager  
  104  13:58  Ravager x10  
  104  14:00  Ravager  
  104  14:01  Ravager x4  
  120  14:59  Hatchery  
  119  15:18  Extractor  
  118  15:23  Extractor  
  117  15:30  Hydralisk Den  
  116  15:43  Pneumatized Carapace  
  116  15:44  Overseer x2  
  88  16:07  Spine Crawler  
  88  16:08  Spine Crawler  
  59  16:16  Spine Crawler  
  52  16:21  Spine Crawler  
  52  16:22  Spine Crawler  
  52  16:23  Hydralisk x10, Spine Crawler  
  52  16:24  Hydralisk x19  
  103  16:40  Spine Crawler  
Tags
 
Add a new tag
Caveats
  • Supply blocks, unpowered buildings, or Contaminate may cause inaccurate times.
  • Supply counts are checked every 10 seconds.